 Dungeon Crawl Stone Soup version 0.22.1-1-ga44c0e56f4 (webtiles) character file.

803 OdinFK the Stinger (level 8, 0/52 HPs)
             Began as a Formicid Venom Mage on Oct 7, 2018.
             Was an Initiate of Vehumet.
             Splashed by a jelly's acid (10 damage)
             ... on level 5 of the Dungeon.
             The game lasted 00:29:36 (5036 turns).

OdinFK the Stinger (Formicid Venom Mage)            Turns: 5036, Time: 00:29:36

Health: 0/52       AC:  0    Str: 14    XL:     8   Next: 14%
Magic:  16/16      EV: 12    Int: 16    God:    Vehumet [......]
Gold:   148        SH:  0    Dex: 11    Spells: 14/17 levels left

rFire    . . .     SeeInvis +   b - +1 short sword
rCold    . . .     Gourm    .   (no shield)
rNeg     . . .     Faith    .   a - +0 robe
rPois    .         Spirit   .   (helmet unavailable)
rElec    .         Reflect  .   k - +0 cloak
rCorr    .         Harm     .   o - +0 pair of gloves (curse)
MR       .....                  (no boots)
Stlth    ++........             (no amulet)
HPRegen  0.17/turn              (no ring)
MPRegen  0.15/turn              (no ring)

@: corroded
A: permanent stasis, dig shafts and tunnels, four strong arms, antennae 3
a: Dig, Shaft Self, Renounce Religion


You were on level 5 of the Dungeon.
You worshipped Vehumet.
Vehumet was noncommittal.
You were hungry.

You visited 2 branches of the dungeon, and saw 6 of its levels.
You also visited: Sewer.

You collected 148 gold pieces.

Inventory:

Hand Weapons
 b - a +1 short sword (weapon)
Armour
 a - a +0 robe (worn)
 k - a +0 cloak (worn)
 o - a cursed +0 pair of gloves (worn)
Wands
 n - a wand of random effects (41)
Scrolls
 d - 2 scrolls of remove curse {unknown}
 l - a scroll of amnesia {unknown}
 q - a scroll of fog {unknown}
 s - 3 scrolls of blinking {unknown}
Potions
 e - 2 potions of might
 f - 2 potions of flight
 h - 2 potions of agility
 i - a potion of invisibility
 j - a potion of lignification
 m - a potion of brilliance
 r - a potion of degeneration
 t - 2 potions of heal wounds
Comestibles
 c - 6 rations


   Skills:
 - Level 1.0 Short Blades
 - Level 2.0 Dodging
 + Level 3.1 Stealth
 + Level 5.4 Spellcasting
 + Level 0.8 Conjurations
 + Level 3.6 Air Magic
 + Level 7.1 Poison Magic


You had 14 spell levels left.
You knew the following spells:

 Your Spells              Type           Power        Failure   Level  Hunger
a - Sting                 Conj/Pois      ###.         2%          1    None
b - Poisonous Vapours     Pois/Air       ###...       2%          2    #......

Your spell library contained the following spells:

 Spells                   Type           Power        Failure   Level  Hunger
 Olgreb's Toxic Radiance  Pois           ####....     8%          4    ####...
 Mephitic Cloud           Conj/Pois/Air  ###.....     9%          3    ###....
 Shroud of Golubria       Chrm/Tloc      #.........   22%         2    #......
 Gell's Gravitas          Tloc           #.........   41%         3    ###....
 Lesser Beckoning         Tloc           #.........   41%         3    ###....
 Teleport Other           Tloc           #.......     41%         3    ###....
 Venom Bolt               Conj/Pois      ###.......   61%         5    ######.
 Passage of Golubria      Tloc           N/A          82%         4    ####...
 Blink                    Tloc           Unusable     N/A         2    N/A

Dungeon Overview and Level Annotations

Branches:
Dungeon (5/15)             Temple (1/1) D:5

Altars:
Ashenzari
Cheibriados
Dithmenos
Elyvilon
Fedhas
Gozag
Hepliaklqana
Kikubaaqudgha
Nemelex Xobeh
Okawaru
Ru
Sif Muna
Trog
Uskayaw
Vehumet
Wu Jian
Yredelemnul
Zin

Shops:
D:5 :

Annotations:
D:3 1 runed door, patcoet's ghost, amateur OgBe


Innate Abilities, Weirdness & Mutations

You cannot be hasted, slowed, berserked, paralysed or teleported.
You can dig through walls and to a lower floor.
Your four strong arms can wield two-handed weapons with a shield.
You have a pair of large antennae on your head. (SInv)


Message History

The jelly is severely wounded.
The jelly hits you. The acid corrodes you!
You are splashed with acid!
The acid burns!
There is a staircase to the Ecumenical Temple here.
You are no longer corroded.
You barely miss the jelly.
The jelly is severely wounded.
The jelly hits you. The acid corrodes you!
You are splashed with acid!
The acid burns!
You see here a quokka skeleton.
A centaur comes into view.
The centaur shouts!
The centaur wields a shortbow.
The centaur shoots an arrow.
The arrow closely misses you.
The centaur shoots an arrow.
The arrow hits you!
* * * LOW HITPOINT WARNING * * *
You see here an arrow.
The jelly hits you.
* * * LOW HITPOINT WARNING * * *
You are splashed with acid!
The acid burns!
You die...

#.# #.########
#.# #.......#
#.# #.......#
#.###.......#
#>..#.......#
###.#.####...
#รท#.# ...
#.#.# ...
####.#@####..[.
#....J.(......c
#......####....
#......# .
####.### #.#
#.# #.# #.#


You could see a jelly.

Vanquished Creatures
  A centaur (D:5)
  2 bullfrogs (Sewer)
  A hound (D:4)
  An orc priest (D:5)
  2 orc wizards (D:3)
  2 iguanas
  Natasha (thrice) (D:3)
  2 worker ants
  2 river rats (D:3)
  6 adders
  A shadow imp (D:4)
  17 oozes
  2 worms (D:3)
  2 dart slugs
  13 leopard geckos
  8 orcs
  9 bats
  13 giant cockroaches
  5 goblins
  5 hobgoblins
  7 kobolds
  4 quokkas
  13 ball pythons
  19 frilled lizards
  A jackal skeleton (D:4)
  5 rats
146 creatures vanquished.

Notes
Turn   | Place    | Note
-------+----------+-------------------------------------------
     0 | D:1      | OdinFK the Formicid Venom Mage began the quest for the Orb.
     0 | D:1      | Reached XP level 1. HP: 13/13 MP: 3/3
   103 | D:1      | Reached XP level 2. HP: 17/19 MP: 0/5
   110 | D:1      | Learned a level 2 spell: Poisonous Vapours
   495 | D:1      | Reached XP level 3. HP: 24/24 MP: 1/6
  1201 | D:2      | Found an opulent altar of Gozag.
  1212 | D:2      | Reached skill level 5 in Poison Magic
  1251 | D:2      | Reached XP level 4. HP: 30/30 MP: 1/8
  1966 | D:3      | Found a glowing drain.
  2026 | Sewer    | Entered a sewer
  2107 | Sewer    | Reached skill level 1 in Air Magic
  2107 | Sewer    | Reached XP level 5. HP: 35/35 MP: 1/9
  2563 | Sewer    | Reached skill level 1 in Short Blades
  2670 | Sewer    | Reached XP level 6. HP: 37/41 MP: 11/11
  2800 | Sewer    | Reached skill level 6 in Poison Magic
  2976 | Sewer    | Reached XP level 7. HP: 32/46 MP: 0/13
  3305 | D:3      | Noticed Natasha
  3309 | D:3      | Killed Natasha
  3378 | D:3      | Noticed Natasha
  3382 | D:3      | Killed Natasha
  3442 | D:3      | Found a runed door.
  3453 | D:3      | Noticed patcoet's ghost (amateur OgBe)
  3503 | D:3      | Noticed Natasha
  3506 | D:3      | Killed Natasha
  3941 | D:4      | Found a hazy altar of Hepliaklqana.
  4142 | D:4      | Reached skill level 5 in Spellcasting
  4147 | D:4      | Found a snail-covered altar of Cheibriados.
  4468 | D:5      | Entered Level 5 of the Dungeon
  4543 | D:5      | Found Qarukodd's Book Shoppe.
  4742 | D:5      | Reached skill level 7 in Poison Magic
  4742 | D:5      | Reached XP level 8. HP: 51/52 MP: 10/15
  4842 | D:5      | Found a staircase to the Ecumenical Temple.
  4851 | Temple   | Entered the Ecumenical Temple
  4869 | Temple   | Became a worshipper of Vehumet
  5036 | D:5      | Splashed by a jelly's acid

Skill      XL: |  1  2  3  4  5  6  7 |
---------------+----------------------+-----
Dodging        | 2 |  2.0
Poison Magic   | 5 6 7 |  7.1
Spellcasting   | 3 4 5 |  5.4
Air Magic      | 1 2 3 |  3.6
Short Blades   | 1 |  1.0
Stealth        | 3 |  3.1
Conjurations   | |  0.8

Action                   |  1- 3 |  4- 6 |  7- 9 || total
-------------------------+-------+-------+-------++-------
Melee: Unarmed           |     6 |       |       ||     6
       Short sword       |     3 |   120 |    20 ||   143
 Cast: Sting             |    10 |     1 |       ||    11
       Poisonous Vapours |    30 |    75 |    63 ||   168
  Use: Scroll            |     1 |     3 |     8 ||    12
       Potion            |       |     1 |       ||     1
  Eat: Chunk             |     2 |    11 |     7 ||    20
Armor: Robe              |     7 |    23 |     5 ||    35
Dodge: Dodged            |    16 |    94 |    21 ||   131
